 Dungeon Crawl Stone Soup version 0.31-a0-1-g4198be8af4 (webtiles) character file.

Game seed: 14774121500967058266

4109 Safeword the Cleaver (level 10, -55/64 HPs)
             Began as a Gargoyle Berserker on Dec 14, 2022.
             Was an Elder of Trog.
             Annihilated by an enormous slime creature (64 damage)
             ... on level 8 of the Dungeon on May 1, 2023.
             The game lasted 00:24:52 (6689 turns).

Safeword the Cleaver (Gargoyle Berserker)           Turns: 6689, Time: 00:24:53

Health: -55/64     AC: 28    Str: 24    XL:     10   Next: 26%
Magic:  9/9        EV:  8    Int:  7    God:    Trog [****..]
Gold:   428        SH:  5    Dex: 13    Spells: 9/9 levels left

rFire   . . .        z - +2 hand axe (vamp)
rCold   + + +        a - +0 buckler {rC+}
rNeg    + + .        f - +1 plate armour
rPois   ∞            q - +1 helmet "Misimill" {rElec rC+}
rElec   +            (no cloak)
rCorr   .            n - +0 pair of gloves
SInv    .            (no boots)
Will    .....        v - amulet of regeneration Stlth
                     m - ring of positive energy
HPRegen 1.10/turn    x - +4 ring of protection
MPRegen 0.11/turn

%: no passive effects
@: on berserk cooldown, slowed, very slow
A: sickness immunity, AC +7, negative energy resistance 1, electricity
resistance, torment resistance 1, petrification resistance, agile 1, cold
resistance 1, low MP 1, MP-powered wands
a: Renounce Religion, Berserk, Trog's Hand, Brothers in Arms


You were on level 8 of the Dungeon.
You worshipped Trog.
Trog was greatly pleased with you.
You visited 1 branch of the dungeon, and saw 8 of its levels.

You collected 428 gold pieces.

Inventory:

Hand Weapons
 z - a +2 vampiric hand axe (weapon)
Missiles
 D - a throwing net (quivered)
Armour
 a - a +0 buckler of cold resistance (worn)
 f - a +1 plate armour (worn)
 n - a +0 pair of gloves (worn)
 q - the +1 helmet "Misimill" (worn) {rElec rC+}
   (You found it on level 4 of the Dungeon)

   rC:        It protects you from cold.
   rElec:     It insulates you from electricity.
 A - a +2 kite shield
Jewellery
 i - a +4 ring of protection
 m - a ring of positive energy (left hand)
 v - an amulet of regeneration (around neck)
 w - a ring of fire
 x - a +4 ring of protection (right hand)
 E - a +4 ring of protection
Wands
 t - a wand of iceblast (12)
 B - a wand of flame (22)
 C - a wand of polymorph (11)
Scrolls
 b - a scroll of immolation
 c - 9 scrolls of identify
 d - a scroll of fog
 g - a scroll of enchant armour
 j - a scroll of acquirement
 p - a scroll of poison
 s - 2 scrolls of teleportation
 u - a scroll of enchant weapon {unknown}
 y - 2 scrolls of blinking
Potions
 e - 2 potions of haste
 h - a potion of berserk rage
 k - 2 potions of attraction
 l - a potion of curing
 o - a potion of brilliance
 r - 4 potions of flight


   Skills:
 + Level 8.3 Fighting
 * Level 9.5 Axes
 + Level 6.0 Armour
 + Level 4.4 Dodging
 + Level 3.8 Shields


You had 9 spell levels left.
You didn't know any spells.
Your spell library was empty.

Dungeon Overview and Level Annotations

Branches:
Dungeon (8/15)             Temple (0/1) D:7            Lair (0/5) D:8

Altars:
Ashenzari
Elyvilon
Kikubaaqudgha
Qazlal
Vehumet
Xom
Zin

Annotations:
D:5 1 runed translucent door, Crazy Yiuf


Innate Abilities, Weirdness & Mutations

You are immune to sickness and miasma.
Your stone body is resilient. (AC +7)
You are immune to poison.
You resist negative energy. (rN+)
You are resistant to electric shocks. (rElec)
You are resistant to unholy torment.
You are immune to petrification.
You are agile. (Dex +4, Str/Int -1)
Your flesh is cold resistant. (rC+)
Your magical capacity is low. (-10% MP)
You expend magic power (3 MP) to strengthen your wands.


Message History

Found 11 gold pieces.
The slime creature quivers.
You block the slime creature's attack.
You slash the slime creature!
The slime creature is moderately wounded.
The slime creature hits you but does no damage.
Two slime creatures merge to form a large slime creature.
You hit the large slime creature.
The large slime creature is lightly wounded.
Two slime creatures merge to form a large slime creature.
You hit the large slime creature.
The large slime creature is lightly wounded.
The large slime creature hits you but does no damage.
You hit the large slime creature.
The large slime creature is lightly wounded.
You slash the large slime creature!
The large slime creature is moderately wounded.
The large slime creature hits you!
Two slime creatures merge to form an enormous slime creature.
A red film seems to cover your vision as you go berserk!
You feel yourself moving faster!
You feel mighty!
You hit the enormous slime creature.
The enormous slime creature is lightly wounded.
The enormous slime creature hits you!
You hit the enormous slime creature.
You feel better.
The enormous slime creature is lightly wounded.
You slash the enormous slime creature!
You feel better.
The enormous slime creature is lightly wounded.
The enormous slime creature hits you!!!
Ouch! That really hurt!
* * * LOW HITPOINT WARNING * * *
You are too injured to fight recklessly!
You feel a strong urge to attack something.
You are no longer berserk.
You are exhausted.
You feel yourself slow down.
The enormous slime creature attacks as you move away!
The enormous slime creature hits you!!!
Ouch! That really hurt!
You die...

..#*##........#..# #.# .##
#.#..#.##.##.# #.# .#
#.###..*####.# #.# .# #.#
#.#* ##.## #.# .## #.#
#.#####>#.###### #.# ..###.#
#.#....###.....# #.#
#..##.###.#.###.#.####.#
#.###### ##........#.# ##.##
#.###.##...# #..##.#####.#
#@#*###........#.# ..###.#
#.# #J#.........##...# .##
#.#####.####.#.#######.###.##
.# #............#,* #.# #.##
.# ############.#,* #.###..#
## #.#,* #....... #.#,*
######.. *#.#,** #..
*************...,,*** #..


You could see an enormous slime creature.

Vanquished Creatures
  A rime drake (D:8)
  A polar bear (D:8)
  Sigmund (D:2)
  A steam dragon (D:6)
  Menkaure (D:7)
  Edmund (D:4)
  Duvessa (D:7)
  2 sky beasts
  An orc warrior (D:8)
  4 ice beasts (D:8)
  An ogre (D:7)
  2 wolves (D:8)
  A centaur (D:6)
  2 phantoms
  5 gnoll sergeants (D:6)
  6 scorpions
  2 bullfrogs (D:7)
  Dowan (D:7)
  3 wights (D:7)
  4 howler monkeys
  4 crimson imps (D:4)
  A hound (D:5)
  A jelly (D:4)
  An orc priest (D:4)
  4 gnoll boudas
  Ijyb (D:4)
  2 orc wizards
  Robin (D:2)
  16 gnolls
  9 adders
  A shadow imp (D:7)
  A white imp (D:6)
  An ufetubus (D:4)
  17 orcs
  9 ball pythons
  6 endoplasms
  2 giant cockroaches
  10 goblins
  5 hobgoblins
  A jackal (D:2)
  A quokka (D:1)
  8 bats
  5 frilled lizards
  7 kobolds
  4 rats
159 creatures vanquished.

Notes
Turn   | Place    | Note
-------+----------+-------------------------------------------
     0 | D:1      | Safeword the Gargoyle Berserker began the quest for the
                  | Orb.
     0 | D:1      | Reached XP level 1. HP: 14/14 MP: 1/1
    87 | D:1      | Reached skill level 3 in Axes
   219 | D:1      | Reached XP level 2. HP: 15/19 MP: 2/2
   786 | D:2      | Reached XP level 3. HP: 20/24 MP: 3/3
   866 | D:2      | Noticed Sigmund
   878 | D:2      | Killed Sigmund
   879 | D:2      | Reached skill level 4 in Axes
   879 | D:2      | Reached XP level 4. HP: 30/30 MP: 4/4
   879 | D:2      | Reached XP level 5. HP: 34/34 MP: 5/5
   971 | D:2      | Reached ** piety under Trog
  1061 | D:2      | Noticed Robin
  1080 | D:2      | Killed Robin
  1139 | D:2      | Reached skill level 5 in Axes
  1621 | D:3      | Found a radiant altar of Vehumet.
  1655 | D:3      | Reached XP level 6. HP: 27/40 MP: 6/6
  1779 | D:3      | Found a white marble altar of Elyvilon.
  1852 | D:3      | Reached skill level 5 in Fighting
  2166 | D:4      | Identified the +1 helmet "Misimill" {rElec rC+}
  2201 | D:4      | Found a shimmering altar of Xom.
  2243 | D:4      | Reached XP level 7. HP: 43/44 MP: 7/7
  2321 | D:4      | Reached skill level 6 in Axes
  2397 | D:4      | Reached *** piety under Trog
  2806 | D:4      | Noticed Ijyb
  2841 | D:4      | Killed Ijyb
  2944 | D:4      | Noticed Edmund
  2967 | D:4      | Killed Edmund
  3149 | D:5      | Entered Level 5 of the Dungeon
  3418 | D:5      | Found a stormy altar of Qazlal.
  3615 | D:5      | Reached XP level 8. HP: 51/51 MP: 8/8
  3638 | D:5      | Reached skill level 7 in Axes
  3784 | D:5      | Found a runed translucent door.
  3785 | D:5      | Noticed Crazy Yiuf
  4274 | D:6      | Found a broken altar of Ashenzari.
  4570 | D:6      | Reached skill level 8 in Axes
  4641 | D:6      | Reached XP level 9. HP: 27/57 MP: 9/9
  4780 | D:6      | Identified the +3 ring mail of Fedhas's Inspiration {rF++
                  | Slay-3}
  5162 | D:7      | Reached skill level 1 in Shields
  5208 | D:7      | Found a staircase to the Ecumenical Temple.
  5374 | D:7      | Found an ancient bone altar of Kikubaaqudgha.
  5407 | D:7      | Reached **** piety under Trog
  5450 | D:7      | Found a glowing silver altar of Zin.
  5502 | D:7      | Noticed Dowan
  5520 | D:7      | Killed Dowan
  5521 | D:7      | Reached skill level 5 in Armour
  5525 | D:7      | Noticed Duvessa
  5526 | D:7      | Noticed Menkaure
  5535 | D:7      | Killed Duvessa
  5537 | D:7      | Killed Menkaure
  5974 | D:8      | Gained mutation: You expend magic power (3 MP) to
                  | strengthen your wands. [potion of mutation]
  5974 | D:8      | Gained mutation: Your flesh is cold resistant. (rC+)
                  | [potion of mutation]
  5974 | D:8      | Gained mutation: Your magical capacity is low. (-10% MP)
                  | [potion of mutation]
  5974 | D:8      | Gained mutation: You are agile. (Dex +4, Str/Int -1)
                  | [potion of mutation]
  5976 | D:8      | Identified a scroll of acquirement
  6122 | D:8      | Noticed a polar bear
  6138 | D:8      | Noticed a rime drake
  6148 | D:8      | Reached skill level 9 in Axes
  6161 | D:8      | Killed a rime drake
  6162 | D:8      | Reached XP level 10. HP: 64/64 MP: 9/9
  6209 | D:8      | Found a staircase to the Lair.
  6346 | D:8      | Upgraded the game from 0.30-a0-458-g86641cc369 to
                  | 0.31-a0-1-g4198be8af4
  6689 | D:8      | Annihilated by an enormous slime creature

Illustrated notes

Levels and vault maps discovered:
D:1:      dpeg_arrival_round_b, layout_basic, minmay_tripent
D:2:      layout_basic, minmay_cut_off, uniq_sigmund, uniq_robin
D:3:      layout_rooms, nicolae_elyvilon_peaceful_grove,
          nicolae_vehumet_radiance, serial_park_tiny_1
D:4:      layout_basic, led_xom_imps, uniq_edmund, uniq_ijyb
D:5:      layout_loops_ring, mainiacjoe_overflow_concentric_impassable,
          uniq_crazy_yiuf_cottage
D:6:      layout_basic, mainiacjoe_overflow_24_doors,
          pf_guarded_unrand_woodcutter
D:7:      layout_loops_cross, lemuel_doored_altar, kennysheep_mini,
          minmay_temple_entry_grid, kennysheep_generic_room_15, uniq_duvessa,
          uniq_menkaure
D:8:      layout_loops_ring, hellmonk_lair_entry_icy

Skill      XL: |  1  2  3  4  5  6  7  8  9 10 |
---------------+-------------------------------+-----
Axes           | 3 4 5 6 8 9 |  9.5
Fighting       | 4 5 6 7 8 |  8.3
Dodging        | 3 4 |  4.4
Armour         | 4 5 6 |  6.0
Shields        | 3 |  3.8

Action                     |  1- 3 |  4- 6 |  7- 9 | 10-12 || total
---------------------------+-------+-------+-------+-------++-------
  Melee: Hand axe          |    93 |   152 |   494 |   137 ||   876
         Punch             |       |     3 |     3 |       ||     6
 Invoke: Berserk           |     1 |     1 |     2 |     1 ||     5
         Trog's Hand       |       |       |     5 |       ||     5
    Use: Scroll            |       |       |     9 |       ||     9
         Potion            |       |       |     9 |       ||     9
 Armour: Animal skin       |    20 |       |       |       ||    20
         Ring mail         |    23 |    18 |       |       ||    41
         Chain mail        |       |    38 |       |       ||    38
         Plate armour      |       |    26 |   317 |    56 ||   399
  Dodge: Dodged            |    66 |    58 |   160 |    38 ||   322
  Block: Buckler           |       |       |    30 |    18 ||    48

Table legend: (Time is in decaauts)
 A = Elapsed time spent in this place.
 B = Non-inter-level travel time spent in this place.
 C = Inter-level travel time spent in this place.
 D = Time resting spent in this place.
 E = Time spent auto-exploring this place.
 F = Levels seen in this place.
 G = Mean time per level.
                   A        B        C        D        E       F      G
               +--------+--------+--------+--------+--------+-----+--------+
         Total |   6686 |   6313 |    373 |    286 |   4512 |   8 |  835.8 |
       Dungeon |   6686 |   6313 |    373 |    286 |   4512 |   8 |  835.8 |
               +--------+--------+--------+--------+--------+-----+--------+

Top non-repeatable levels by time:
     D:4: 1127 daAuts
     D:6: 1093 daAuts
     D:7: 895 daAuts
     D:5: 844 daAuts
     D:2: 819 daAuts
     D:1: 700 daAuts
     D:8: 666 daAuts
     D:3: 539 daAuts
